 Dungeon Crawl Stone Soup version 0.31-a0-983-g7b6862f502 (webtiles) character file.

Game seed: 5450629563173520587

273 Dittersdorf the Covered (level 6, -5/39 HPs)
             Began as a Gargoyle Fighter on Nov 2, 2023.
             Slain by a gnoll
             ... wielding a +0 halberd
              (8 damage)
             ... on level 3 of the Dungeon.
             The game lasted 00:03:02 (2456 turns).

Dittersdorf the Covered (Gargoyle Fighter)          Turns: 2456, Time: 00:03:02

Health: -5/39      AC: 12    Str: 22    XL:     6   Next: 23%
Magic:  6/6        EV:  9    Int:  8    God:
Gold:   149        SH:  4    Dex:  9    Spells: 5/5 levels left

rFire   . . .        a - +0 flail
rCold   . . .        c - +0 buckler
rNeg    + . .        b - +0 scale mail
rPois   ∞            q - +0 helmet
rElec   +            (no cloak)
rCorr   .            (no gloves)
SInv    .            (no boots)
Will    +....        (no amulet) Stlth
                     m - ring of willpower
HPRegen 0.26/turn    (no ring)
MPRegen 0.10/turn

%: no passive effects
@: no status effects
A: sickness immunity, AC +4, negative energy resistance 1, electricity
resistance, torment resistance 1, petrification resistance
a: no special abilities


You were on level 3 of the Dungeon.
You visited 1 branch of the dungeon, and saw 4 of its levels.

You collected 149 gold pieces.

Inventory:

Hand Weapons
 a - a +0 flail (weapon)
Missiles
 s - a throwing net
Armour
 b - a +0 scale mail (worn)
 c - a +0 buckler (worn)
 q - a +0 helmet (worn)
Jewellery
 m - a ring of willpower (left hand)
Scrolls
 h - a scroll of blinking {unknown}
 k - a scroll of immolation {unknown}
 n - 2 scrolls of vulnerability {unknown}
 o - 2 scrolls of teleportation {unknown}
 p - a scroll of fear {unknown}
 r - a scroll of identify {unknown}
 t - a scroll of torment {unknown}
 u - a scroll of summoning {unknown}
Potions
 d - a potion of might
 e - 3 potions of curing {unknown}
 f - a potion of degeneration {unknown}
 g - a potion of mutation {unknown}
 i - a potion of enlightenment {unknown}
 j - 2 potions of resistance {unknown}
 l - a potion of haste {unknown}
 v - a potion of heal wounds {unknown}


   Skills:
 + Level 4.6 Fighting
 + Level 3.6 Maces & Flails
 + Level 4.6 Armour
 + Level 4.6 Shields


You had 5 spell levels left.
You didn't know any spells.
Your spell library contained the following spells:

 Spells                   Type           Power      Damage    Failure   Level
 Magic Dart               Conj           0%         1d3       78%         1
 Blink                    Tloc           0%         N/A       89%         2
 Call Imp                 Summ           0%         N/A       89%         2
 Ensorcelled Hibernation  Hex/Ice        0%         N/A       89%         2
 Jinxbite                 Hex            0%         N/A       89%         2
 Lesser Beckoning         Tloc           0%         N/A       89%         2
 Momentum Strike          Conj/Tloc      0%         3d8       89%         2
 Mephitic Cloud           Conj/Pois/Air  0%         N/A       98%         3
 Anguish                  Hex/Necr       0%         N/A       100%        4


Dungeon Overview and Level Annotations

Branches:
Dungeon (4/15)
 Temple: D:4-7

Altars:
Ashenzari
Kikubaaqudgha


Innate Abilities, Weirdness & Mutations

You are immune to sickness and miasma.
Your stone body is resilient. (AC +4)
You are immune to poison.
You resist negative energy. (rN+)
You are resistant to electric shocks. (rElec)
You are resistant to unholy torment.
You are immune to petrification.


Message History

The iguana bites you but does no damage.
The orc closely misses you.
The iguana bites you but does no damage.
You hit the iguana but do no damage.
The iguana is lightly wounded.
The iguana bites you! The iguana barely misses you. The orc barely misses you.
You are too injured to fight recklessly!
You are too injured to fight recklessly!
You are too injured to fight recklessly!
You are too injured to fight recklessly!
You are too injured to fight recklessly!
You are too injured to fight recklessly!
You are too injured to fight recklessly!
You are too injured to fight recklessly!
You are too injured to fight recklessly!
You are too injured to fight recklessly!
You are too injured to fight recklessly!
You are too injured to fight recklessly!
You are too injured to fight recklessly!
You are too injured to fight recklessly!
You are too injured to fight recklessly!
You are too injured to fight recklessly!
You are too injured to fight recklessly!
The iguana attacks as it pursues you! The iguana closely misses you.
You block the orc's attack.
The gnoll hits you from afar with a +0 halberd!
* * * LOW HITPOINT WARNING * * *
The orc throws a boomerang.
The boomerang hits you but does no damage.
You block the gnoll's attack. The iguana barely misses you.
There is a stone staircase leading up here.
The gnoll closely misses you. The orc hits you with a +0 flail!
* * * LOW HITPOINT WARNING * * *
The iguana bites you but does no damage.
You climb upwards.
There is a stone staircase leading down here.
You hit the iguana.
The iguana is moderately wounded.
The gnoll hits you from afar with a +0 halberd!
You die...

#.###.....#########
#.#<#.............#
#<..#.............#
##..[#.............#
.......#..####.#####
##.###.#.....#.# #......#.....#.#
#..#####.....#o###
..........†...gl@#
#.######.......### ### ### ### ##
#.###...###.####.###.###.###.###.
#.....#.#.#.##..#.#.#.#.#.#.#.#..
#######.#.......#.#.#.#)#.#.#.#..
#...#.#[...###.###.###.###.##
#####.###.#......### ### ### ####
..........#.<.....# #..
......#####.......# ###.#


You could see an iguana, a gnoll and an orc.

Vanquished Creatures
  An iguana (D:3)
  An orc wizard (D:3)
  Natasha (thrice) (D:3)
  Robin (D:3)
  4 adders
  4 worms
  3 dart slugs
  An orc (D:4)
  4 bats
  5 endoplasms
  4 giant cockroaches
  12 goblins (D:3)
  5 hobgoblins
  6 jackals (D:1)
  4 quokkas
  8 ball pythons
  6 frilled lizards
  6 kobolds
  5 rats
83 creatures vanquished.

Notes
Turn   | Place    | Note
-------+----------+-------------------------------------------
     0 | D:1      | Dittersdorf the Gargoyle Fighter began the quest for the
                  | Orb.
     0 | D:1      | Reached XP level 1. HP: 14/14 MP: 1/1
    50 | D:1      | Reached XP level 2. HP: 17/19 MP: 2/2
   173 | D:1      | Found a broken altar of Ashenzari.
   248 | D:1      | Reached XP level 3. HP: 14/23 MP: 3/3
  1000 | D:2      | Reached XP level 4. HP: 29/29 MP: 4/4
  1046 | D:2      | Found an ancient bone altar of Kikubaaqudgha.
  1674 | D:3      | Noticed Natasha
  1691 | D:3      | Killed Natasha
  1692 | D:3      | Reached XP level 5. HP: 23/33 MP: 5/5
  1799 | D:3      | Noticed Robin
  1823 | D:3      | Killed Robin
  2168 | D:3      | Found an ancient bone altar of Kikubaaqudgha.
  2302 | D:3      | Noticed Natasha
  2313 | D:3      | Killed Natasha
  2337 | D:3      | Noticed Natasha
  2345 | D:3      | Killed Natasha
  2403 | D:3      | Reached XP level 6. HP: 33/39 MP: 6/6
  2456 | D:3      | Slain by a gnoll

Illustrated notes

Levels and vault maps discovered:
D:1:      evilmike_arrival_grusome_pit, layout_basic, minmay_hexomino_r4
D:2:      kennysheep_six_static_rooms, layout_loops_cross, basic_altar
D:3:      layout_basic, mainiacjoe_overflow_paths, grunt_decor_resistance,
          lightli_corner_chamber, uniq_natasha, uniq_robin
D:4:      layout_loops_ring, nicolae_ashenzari_panopticon, lemuel_tele_altar

Skill      XL: |  1  2  3  4 |
---------------+-------------+-----
Armour         | 4 |  4.6
Fighting       | 4 |  4.6
Shields        | 4 |  4.6
Maces & Flails | 3 |  3.6

Action                     |  1- 3 |  4- 6 || total
---------------------------+-------+-------++-------
  Melee: Flail             |   102 |   187 ||   289
 Armour: Scale mail        |   114 |   178 ||   292
  Dodge: Dodged            |    61 |   102 ||   163
  Block: Buckler           |    37 |    46 ||    83

Table legend: (Time is in decaauts)
 A = Elapsed time spent in this place.
 B = Non-inter-level travel time spent in this place.
 C = Inter-level travel time spent in this place.
 D = Time resting spent in this place.
 E = Time spent auto-exploring this place.
 F = Levels seen in this place.
 G = Mean time per level.
                   A        B        C        D        E       F      G
               +--------+--------+--------+--------+--------+-----+--------+
         Total |   2550 |   2390 |    160 |     52 |   1727 |   4 |  637.5 |
       Dungeon |   2550 |   2390 |    160 |     52 |   1727 |   4 |  637.5 |
               +--------+--------+--------+--------+--------+-----+--------+

Top non-repeatable levels by time:
     D:1: 885 daAuts
     D:2: 860 daAuts
     D:3: 775 daAuts
     D:4: 28 daAuts
